 Dungeon Crawl Stone Soup version 0.24.0-37-gcf1ca852f1 (webtiles) character file.

Game seed: 13175069810220947686, levelgen mode: deterministic

1331 Delamore the Cleaver (level 8, -6/64 HPs)
             Began as a Hill Orc Fighter on Nov 23, 2019.
             Mangled by an orc warrior
             ... wielding a +1 war axe of venom
              (19 damage)
             ... on level 7 of the Dungeon.
             The game lasted 00:09:33 (7360 turns).

Delamore the Cleaver (Hill Orc Fighter)             Turns: 7360, Time: 00:09:34

Health: -6/64      AC:  2    Str: 21    XL:     8   Next: 60%
Magic:  8/8        EV:  8    Int:  8    God:
Gold:   272        SH:  9    Dex: 10    Spells: 7/7 levels left

rFire    . . .     SeeInvis +   a - +0 war axe
rCold    . . .     Gourm    .   c - +0 shield
rNeg     . . .     Faith    .   h - +0 robe (curse)
rPois    .         Spirit   .   (no helmet)
rElec    .         Reflect  .   C - scarf {cloud immunity}
rCorr    .         Harm     .   (no gloves)
MR       .....                  (no boots)
Stlth    +.........             (no amulet)
HPRegen  0.20/turn              t - ring of see invisible
MPRegen  0.11/turn              x - ring of flight

@: no status effects
A: no striking features
a: Convert to Beogh, Evoke Flight


You were on level 7 of the Dungeon.
You were not hungry.

You visited 1 branch of the dungeon, and saw 7 of its levels.

You collected 272 gold pieces.

Inventory:

Hand Weapons
 a - a +0 war axe (weapon)
 y - a +2 falchion of flaming
Armour
 b - a +0 scale mail
 c - a +0 shield (worn)
 h - a cursed +0 robe (worn)
 w - a +0 leather armour of fire resistance
 C - a scarf of cloud immunity (worn)
Jewellery
 j - an uncursed ring of fire
 t - a ring of see invisible (left hand)
 x - a ring of flight (right hand)
Wands
 B - a wand of random effects (12)
Scrolls
 e - 3 scrolls of immolation
 l - 3 scrolls of amnesia {unknown}
 q - 5 scrolls of teleportation {unknown}
 r - 3 scrolls of magic mapping {unknown}
 s - a scroll of noise {unknown}
 u - 2 scrolls of enchant weapon {unknown}
 v - 3 scrolls of identify
 A - a scroll of remove curse
Potions
 d - a potion of might
 g - 4 potions of cancellation
 i - a potion of agility {unknown}
 k - a potion of haste
 m - a potion of heal wounds {unknown}
 n - 2 potions of curing {unknown}
 o - a potion of lignification {unknown}
 p - 2 potions of brilliance {unknown}
 z - a potion of invisibility {unknown}
Comestibles
 f - 11 rations


   Skills:
 - Level 3.6 Fighting
 + Level 13.0 Axes
 - Level 3.2 Armour
 - Level 3.2 Shields


You had 7 spell levels left.
You didn't know any spells.
Your spell library was empty.

Dungeon Overview and Level Annotations

Branches:
Dungeon (7/15)             Temple (0/1) D:6

Altars:
Cheibriados
Dithmenos
Xom


Message History

Items here: )) [ † a +0 dagger; a +0 robe; a +0 dagger; an orc corpse You closely miss the orc priest.
The orc priest hits you but does no damage.
You hit the orc priest.
The orc priest is lightly wounded.
You block the orc priest's attack.
It was a potion of cancellation.
You feel magically purged.
The orc priest hits you but does no damage.
You hit the orc priest but do no damage.
The orc priest mumbles some strange prayers to Beogh against you.
Beogh smites you!
* * * LOW HITPOINT WARNING * * *
Found a chain mail.
Found a stone staircase leading up.
A bullfrog comes into view.
The bullfrog croaks.
There is a stone staircase leading up here.
The orc warrior hits you with a +1 war axe of venom!!
You die...

#.# # s. .# #.# # . ..#.#
#.# # ..
..#.########.###### ...
#F#................ .
..##.#.######......... ..
..............###### ...
#.#.######.#.#
..##.@..........#
.......#o######...###
...###.#.##.........# #
#..o.#.........#
#....#.........####
#....#####.........
########.#............####
.......[.#.######..##.#
######..#.# #..##.#


You could see an orc warrior, a bullfrog, a scorpion (wandering) and an orc
priest.

Vanquished Creatures
  Eustachio (D:3)
  An orc warrior (D:7)
  A sky beast (D:5)
  2 centaurs (D:5)
  2 bullfrogs
  A crimson imp (D:3)
  A bullfrog skeleton (D:5)
  2 jellies (D:5)
  5 orc priests
  5 orc wizards
  A centaur skeleton (D:4)
  2 iguanas (D:6)
  A worker ant (D:5)
  A hound zombie (D:5)
  3 gnolls (D:7)
  6 adders
  An ooze (D:5)
  An adder zombie (D:2)
  2 worms
  A dart slug (D:4)
  3 leopard geckos
  18 orcs
  3 giant cockroaches
  5 goblins
  10 hobgoblins
  6 jackals (D:3)
  A quokka (D:2)
  8 bats
  4 frilled lizards
  3 kobolds
  13 rats
114 creatures vanquished.

Notes
Turn   | Place    | Note
-------+----------+-------------------------------------------
     0 | D:1      | Delamore the Hill Orc Fighter began the quest for the Orb.
     0 | D:1      | Reached XP level 1. HP: 19/19 MP: 1/1
   272 | D:1      | Reached skill level 3 in Axes
   551 | D:1      | Reached XP level 2. HP: 25/26 MP: 2/2
   803 | D:1      | Reached skill level 4 in Axes
  1229 | D:2      | Reached XP level 3. HP: 31/31 MP: 3/3
  1391 | D:2      | Reached skill level 5 in Axes
  1913 | D:2      | Reached XP level 4. HP: 11/39 MP: 4/4
  2308 | D:3      | Reached skill level 6 in Axes
  2420 | D:3      | Reached XP level 5. HP: 45/45 MP: 5/5
  2428 | D:3      | Reached skill level 7 in Axes
  2435 | D:3      | Found a shimmering altar of Xom.
  3275 | D:4      | Reached skill level 8 in Axes
  3275 | D:4      | Reached XP level 6. HP: 21/51 MP: 6/6
  3613 | D:4      | Noticed Eustachio
  4261 | D:3      | Killed Eustachio
  4261 | D:3      | Reached skill level 9 in Axes
  4543 | D:5      | Entered Level 5 of the Dungeon
  4570 | D:5      | Found a snail-covered altar of Cheibriados.
  4608 | D:5      | Found a shadowy altar of Dithmenos.
  4639 | D:5      | Noticed a sky beast
  4651 | D:5      | Killed a sky beast
  4651 | D:5      | Reached XP level 7. HP: 34/57 MP: 7/7
  4795 | D:5      | Reached skill level 10 in Axes
  5482 | D:5      | Reached skill level 11 in Axes
  5854 | D:6      | Found a staircase to the Ecumenical Temple.
  5940 | D:6      | Reached XP level 8. HP: 31/64 MP: 8/8
  6404 | D:6      | Reached skill level 12 in Axes
  7332 | D:7      | Reached skill level 13 in Axes
  7360 | D:7      | Mangled by an orc warrior

Levels and vault maps discovered:
D:1:      dpeg_arrival_subterranean_lakeside_camping, layout_loops_corners,
          minmay_misc_feat_rows, palyth_stone_intersect
D:2:      layout_loops_corners
D:3:      layout_rooms, tgw_xom, first_ration, corner_web_ring
D:4:      layout_rooms, uniq_eustachio
D:5:      layout_layer_cave, nicolae_dithmenos_shadow_blocks,
          lemuel_crystal_altar
D:6:      lemuel_castle_with_subvaults [lemuel_castle_interior_carwin_2],
          layout_rooms, minmay_temple_entry_from_below_a, serial_shops, shop,
          minmay_misc_feat_ornament, hangedman_decor_growths,
          minmay_misc_feat_tiny
D:7:      layout_basic, lemuel_zombie_altar_kikubaaqudgha, serial_shops, shop

Skill      XL: |  1  2  3  4  5  6  7  8 |
---------------+-------------------------+-----
Axes           | 3 4 5 6 8 9 11 13 | 13.0
Fighting       | |  3.6
Armour         | |  3.2
Shields        | |  3.2

Action                   |  1- 3 |  4- 6 |  7- 9 || total
-------------------------+-------+-------+-------++-------
Melee: War axe           |   140 |   176 |   155 ||   471
  Use: Scroll            |     4 |       |       ||     4
       Potion            |       |     1 |     1 ||     2
  Eat: Chunk             |     3 |     6 |     8 ||    17
       Ration            |       |     1 |       ||     1
Armor: Scale mail        |    94 |    29 |       ||   123
       Robe              |       |     8 |    15 ||    23
Dodge: Dodged            |    61 |    63 |    43 ||   167
Block: Shield            |    85 |    91 |    55 ||   231
